AoeStats
← iAlejandrouae

Oasis

509727526Analyzed
4v4 RM · 4d ago on Sep 27, 2026· 35m 5s· 8 players
Game mode
Random Map
Map size
Large (8 player)
Population
200
Speed
Normal
Resources
Standard
Victory
Conquest
Starting age
Dark Age
Ending age
Imperial Age
RankedLock teamsTeams togetherTeam positionsShared explorationLock speedFull tech treeHidden civsTurbo modeCheats
Victory
Defeat
🇦🇷 Malay · Argentina
1572
+13
🇧🇷 Magyars · Brazil
1543
+14
🇨🇳 Slavs · China
1537
+15
🇫🇷 Dravidians · France
1463
+19
🇨🇴 Byzantines · Colombia
1534
-16
🇵🇪 Chinese · Peru
1522
-16
🇩🇪 Inca · Germany
1507
-15
🇺🇸 Japanese · United States
1470
-14
mikeymazko
6:18 Loom
9:27 Feudal Age
9:52 Double-Bit Axe
11:44 Horse Collar
13:39 Scale Barding Armor
15:39 Forging
18:52 Forging
22:06 Bloodlines
24:02 Castle Age
21:59 Gold Mining
22:55 Bloodlines
23:52 Wheelbarrow
25:03 Chain Barding Armor
25:27 Gold Shaft Mining
25:04 Bow Saw
24:55 Heavy Plow
Theverat
7:35 Loom
10:44 Feudal Age
19:01 Padded Archer Armor
21:31 Castle Age
20:44 Double-Bit Axe
20:44 Horse Collar
21:38 Champi Runner
22:19 Squires
22:45 Fletching
27:26 Town Watch
Istar
7:16 Loom
9:48 Feudal Age
10:21 Double-Bit Axe
10:29 Horse Collar
19:58 Castle Age
19:28 Wheelbarrow
18:46 Gold Mining
20:49 Bow Saw
20:40 Heavy Plow
24:00 Hand Cart
28:50 Imperial Age
27:07 Fortified Wall
26:49 Treadmill Crane
27:05 Murder Holes
28:05 Sanctity
28:33 Redemption
29:08 Fervor
Kaanan
0:27 Loom
9:01 Feudal Age
9:31 Double-Bit Axe
9:45 Horse Collar
12:08 Forging
19:42 Castle Age
20:51 Bow Saw
21:35 Wheelbarrow
23:06 Hand Cart
22:44 Town Watch
23:48 Gold Mining
23:49 Stone Mining
27:00 Fletching
30:43 Imperial Age
28:56 Bodkin Arrow
29:03 Padded Archer Armor
30:12 Ballistics
29:59 Thumb Ring
31:42 Bracer
32:45 Chemistry
32:44 Conscription
32:46 Leather Archer Armor
32:32 Elite Chu Ko Nu
34:24 Ring Archer Armor
Voxer El Brazilian
6:34 Loom
8:52 Feudal Age
9:26 Man-at-Arms
10:15 Double-Bit Axe
12:32 Fletching
18:40 Padded Archer Armor
21:32 Castle Age
19:47 Horse Collar
19:57 Gold Mining
22:16 Bodkin Arrow
21:42 Crossbowman
24:20 Ballistics
25:58 Bow Saw
26:36 Gold Shaft Mining
27:23 Thumb Ring
28:34 Leather Archer Armor
34:17 Imperial Age
33:13 Wheelbarrow
32:47 Stone Mining
32:42 Treadmill Crane
33:13 Masonry
33:24 Heavy Plow
33:15 Stone Mining
35:00 Bracer
34:35 Arbalester
36:39 Chemistry
Wizo
6:47 Loom
9:22 Feudal Age
10:41 Double-Bit Axe
10:36 Horse Collar
13:24 Scale Barding Armor
16:45 Wheelbarrow
17:53 Gold Mining
20:56 Castle Age
21:17 Forging
22:04 Chain Barding Armor
27:51 Husbandry
32:28 Hand Cart
32:30 Bow Saw
32:20 Heavy Plow
34:52 Imperial Age
32:39 Stone Mining
34:06 Hand Cart
33:51 Town Watch
34:29 Fletching
35:15 Iron Casting
36:41 Two-Man Saw
iAlejandrouae
3:16 Loom
11:29 Feudal Age
13:54 Horse Collar
14:01 Double-Bit Axe
15:56 Wheelbarrow
19:48 Castle Age
19:41 Bow Saw
23:52 Town Watch
24:54 Gold Mining
25:19 Heavy Plow
25:57 Hand Cart
27:16 Stone Mining
28:21 Fletching
28:31 Padded Archer Armor
31:30 Imperial Age
30:26 Gold Shaft Mining
30:25 Onager
31:13 Siege Engineers
32:32 Chemistry
32:30 Conscription
第一滴血
10:27 Feudal Age
14:24 Castle Age
12:19 Horse Collar
22:40 Wheelbarrow
22:27 Double-Bit Axe
24:11 Hand Cart
23:51 Gold Mining
23:51 Stone Mining
24:14 Bow Saw
24:32 Heavy Plow
25:37 Gold Shaft Mining
30:34 Imperial Age
28:08 Town Watch
28:08 Loom
30:00 Bloodlines
29:51 Husbandry
30:00 Scale Barding Armor
31:24 Chain Barding Armor
31:15 Forging
31:22 Forging
31:51 Crop Rotation
32:22 Two-Man Saw
30:49 Elite Boyar
31:53 Conscription
33:21 Plate Barding Armor
33:21 Iron Casting
35:09 Blast Furnace
34:43 Caravan
Connection lost

Rejoining the realm…

Still unreachable

The connection could not be restored.

Session expired

The server has moved on; the page needs a fresh start.